AoeStats
← XultrAslan58

Lombardia

507287073Analyzed
3v3 RM · 14d ago on Sep 17, 2026· 16m 40s· 6 players
Game mode
Random Map
Map size
Normal (6 player)
Population
200
Speed
Normal
Resources
Standard
Victory
Conquest
Starting age
Dark Age
Ending age
Imperial Age
RankedLock teamsTeams togetherTeam positionsShared explorationLock speedFull tech treeHidden civsTurbo modeCheats
Victory
Defeat
🇲🇦 Maya · Morocco
920
+14
🇩🇪 Celts · Germany
884
+15
🇫🇷 Britons · France
865
+16
🇭🇰 Huns · Hong Kong SAR China
944
-18
🇩🇪 Portuguese · Germany
867
-15
🇩🇪 Tatars · Germany
790
-12
nyx
11:29 Feudal Age
12:08 Double-Bit Axe
17:38 Castle Age
16:13 Fletching
Lazy Red Panda
9:24 Feudal Age
10:03 Double-Bit Axe
10:02 Horse Collar
18:24 Castle Age
John Water
10:19 Feudal Age
10:53 Double-Bit Axe
10:41 Man-at-Arms
11:49 Arson
13:12 Forging
15:48 Horse Collar
16:41 Scale Mail Armor
Official-Spyro
3:40 Loom
12:10 Feudal Age
15:25 Horse Collar
XultrAslan58
12:54 Feudal Age
13:27 Double-Bit Axe
13:24 Horse Collar
被吊打成dog
10:48 Feudal Age
14:03 Double-Bit Axe
15:31 Double-Bit Axe
17:57 Castle Age
Connection lost

Rejoining the realm…

Still unreachable

The connection could not be restored.

Session expired

The server has moved on; the page needs a fresh start.